 Dungeon Crawl Stone Soup version 0.29-a0-284-gf9362112df (webtiles) character file.

Game seed: 15485328779613197503

159 esteth the Skirmisher (level 5, -4/42 HPs)
             Began as a Demonspawn Gladiator on Mar 14, 2022.
             Slain by a gnoll
             ... wielding a +0 spear
              (7 damage)
             ... on level 4 of the Dungeon.
             The game lasted 00:04:33 (3185 turns).

esteth the Skirmisher (Demonspawn Gladiator)        Turns: 3185, Time: 00:04:33

Health: -4/42      AC:  8    Str: 26    XL:     5   Next: 17%
Magic:  8/8        EV: 12    Int: 12    God:
Gold:   89         SH:  0    Dex: 14    Spells: 8/8 levels left

rFire   . . .      SeeInvis .     - Unarmed
rCold   . . .      Faith    .   (no shield)
rNeg    . . .      Spirit   .   a - +0 leather armour
rPois   .          Reflect  .   (helmet restricted)
rElec   .          Harm     .   n - +1 cloak
rCorr   .          Rampage  .   r - +0 pair of gloves
Will    .....                   (no boots)
Stlth   +.........              g - amulet of magic regeneration
HPRegen 0.14/turn               s - +6 ring of strength
MPRegen 0.62/turn               S - +6 ring of strength

@: lethally poisoned (-4 -> -11)
A: horns 1, yellow scales 1, magic regeneration
a: no special abilities


You were on level 4 of the Dungeon.
You visited 1 branch of the dungeon, and saw 4 of its levels.

You collected 89 gold pieces.


Innate Abilities, Weirdness & Mutations

You have a pair of small horns on your head.
You are partially covered in yellow scales. (AC +2)
You regenerate magic rapidly.


   Skills:
 + Level 3.9 Fighting
 - Level 1.7 Throwing
 - Level 2.6 Dodging
 * Level 3.3 Unarmed Combat
 - Level 2.4 Spellcasting


You had 8 spell levels left.
You didn't know any spells.
Your spell library contained the following spells:

 Spells                   Type           Power      Damage    Failure   Level
 Slow                     Hex            4%         N/A       30%         1
 Confusing Touch          Hex            1%         N/A       65%         3
 Vampiric Draining        Necr           1%         2d6       65%         3

Inventory:

Missiles
 c - 3 throwing nets (quivered) {=f!f}
 d - a javelin
 o - 44 stones
Armour
 a - a +0 leather armour (worn)
 b - a +0 helmet
 e - a +0 ring mail
   (You found it on level 1 of the Dungeon)
 f - a +0 ring mail
   (You found it on level 1 of the Dungeon)
 i - a +0 chain mail
   (You found it on level 1 of the Dungeon)
 k - a +0 leather armour
   (You found it on level 1 of the Dungeon)
 m - a +0 plate armour
   (You found it on level 1 of the Dungeon)
 n - a +1 cloak (worn)
   (You found it on level 1 of the Dungeon)
 q - a +0 ring mail of poison resistance
   (You found it on level 2 of the Dungeon)
 r - a +0 pair of gloves (worn)
   (You found it on level 2 of the Dungeon)
 v - a +0 leather armour
   (You found it on level 3 of the Dungeon)
 w - a +0 chain mail
   (You found it on level 3 of the Dungeon)
 x - a +0 leather armour
   (You found it on level 3 of the Dungeon)
 A - a +0 scale mail
   (You found it on level 3 of the Dungeon)
 F - a +0 ring mail
   (You found it on level 2 of the Dungeon)
Jewellery
 g - an amulet of magic regeneration (around neck)
   (You found it on level 1 of the Dungeon)
 s - a +6 ring of strength (left hand)
   (You found it on level 3 of the Dungeon)
 D - a +6 ring of dexterity
   (You found it on level 1 of the Dungeon)
 I - a +6 ring of intelligence
   (You found it on level 1 of the Dungeon)
 S - a +6 ring of strength (right hand)
   (You found it on level 3 of the Dungeon)
Scrolls
 j - a scroll of teleportation {unknown}
 l - 2 scrolls of vulnerability {unknown}
 p - 2 scrolls of identify {unknown}
 u - a scroll of blinking {unknown}
 y - 2 scrolls of enchant armour {unknown}
 B - a scroll of amnesia {unknown}
 C - a scroll of acquirement {unknown}
 J - a scroll of fog {unknown}
Potions
 h - a potion of heal wounds {unknown}
 t - a potion of curing {unknown}
 z - 2 potions of resistance {unknown}
 E - a potion of berserk rage {unknown}
 G - a potion of brilliance {unknown}
 H - a potion of mutation {unknown}

Dungeon Overview and Level Annotations

Branches:
Dungeon (4/15)
 Temple: D:4-7

Altars:

Annotations:
D:3 exclusion: downstairs

###############.#########
............###.####.#
<...........#........#
............+........#
............#.......§#.......
............#......§§#......
............###'###'##.....
######....................#
#....#........§§@§D.......+
#....#........§.§.g.......#
')...#.^.....§§§§.g.......#
#†...#............g.......#
#....#....................#
#....#......########...<..#
######......# #......#
............# #......#
.......<....# #......#


You could see a steam dragon (catching breath) and 3 gnolls.


Message History

The goblin hits you but does no damage. The necrophage completely misses you.
You hit the necrophage. The goblin hits you with a +0 club.
The necrophage closely misses you. 😕 HP[-2]
You take 2 damage, and now have 26/34 hp.
You hit the necrophage. You headbutt the necrophage.
The goblin hits you but does no damage. The necrophage hits you.
You feel drained. 😮 HP[-5]
You now have 32 max hp (-2).
You take 5 damage, and now have 21/32 hp.
You hit the necrophage.
You destroy the necrophage!
The goblin barely misses you.
Your life force feels restored.
Your Spellcasting skill increases to level 2!
You have reached level 5! 😮 HP[+5]
You now have 42 max hp (+10).
You regained 5 hp, and now have 26/42 hp.
You hit the goblin.
The goblin hits you with a +0 club. 😮 HP[-2]
You take 2 damage, and now have 24/42 hp.
You hit the goblin but do no damage. The goblin closely misses you. 😮 MP[+1]
You hit the goblin.
You kill the goblin!
You see here a +0 club. 😮 MP[+1]
Your mp is fully restored (8).
You see here a +0 club.
There is an open door here.
Found a stone staircase leading up. 😎 HP[+18]
Your hp is fully restored (42).
Found a stone staircase leading down.
J - a scroll labelled QUBUEHUPYR
There is an open door here.
There is an open door here.
You open the door.
There is an open door here.
You now have 89 gold pieces (gained 4).
There is an open door here.
There is an open door here.
You open the door.
There is an open door here.
The steam dragon hisses angrily.
There is an open door here.
You hit the worm. The worm misses you.
You hit the worm. Your headbutt misses the worm. You hit the worm.
Your headbutt misses the worm. The worm closely misses you.
You hit the worm. Your headbutt misses the worm.
A gnoll comes into view.
It is wielding a +0 club and quivering poisoned darts.
The gnoll shouts!
You hit the worm.
You kill the worm!
The steam dragon bites you.
The steam dragon claws you but does no damage. 😕 HP[-6]
You take 6 damage, and now have 36/42 hp.
You hit the steam dragon. The steam dragon closely misses you.
The steam dragon barely misses you.
You hit the steam dragon but do no damage.
Your headbutt misses the steam dragon.
The steam dragon bites you but does no damage.
The steam dragon barely misses you.
You hit the steam dragon. The steam dragon breathes steam at you.
The ball of steam hits you!
* * * LOW HITPOINT WARNING * * *
A gnoll comes into view. It is wielding a +0 spear.
The gnoll shouts! 😨 HP[-15]
You take 15 damage, and now have 21/42 hp.
MASSIVE DAMAGE!! (PAUSE)
A gnoll comes into view. It is wielding a +0 halberd.
The gnoll shouts!
The steam dragon barely misses you. The steam dragon claws you.
* * * LOW HITPOINT WARNING * * *
😨 HP[-1]
You take 1 damage, and now have 20/42 hp.
You hit the steam dragon.
You are engulfed in a cloud of scalding steam.
* * * LOW HITPOINT WARNING * * *
The steam dragon closely misses you.
The steam dragon claws you but does no damage.
The gnoll closely misses you. 😨 HP[-8]
You take 8 damage, and now have 12/42 hp.
The steam dragon breathes steam at you. The ball of steam hits you.
* * * LOW HITPOINT WARNING * * *
The gnoll throws a poisoned dart.
The poisoned dart hits you!
You are lethally poisoned! 😱 HP[-6]
You take 6 damage, and now have 6/42 hp.
* * * LOW HITPOINT WARNING * * *
You feel very sick.
The gnoll hits you from afar with a +0 spear!
You die...

Skill      XL: |  1  2  3  4 |
---------------+-------------+-----
Unarmed Combat | 3 |  3.3
Spellcasting   | 1 2 |  2.4
Fighting       | 3 |  3.9
Throwing       | |  1.7
Dodging        | |  2.6

Action                   |  1- 3 |  4- 6 || total
-------------------------+-------+-------++-------
Melee: Unarmed           |   183 |    57 ||   240
       Punch             |     4 |       ||     4
       Headbutt          |    11 |     8 ||    19
 Stab: Sleeping          |     1 |       ||     1
Armor: Leather armour    |    70 |    26 ||    96
Dodge: Dodged            |   124 |    42 ||   166

Levels and vault maps discovered:
D:1:      shiori_arrival_elements, layout_basic,
          nicolae_ecumenical_snake_handling, minmay_3d_cube
D:2:      layout_loops_corners, serial_bayou_pond_c
D:3:      layout_loops_ring, small_statue_intersection, minmay_misc_feat_columns
D:4:      layout_gridville, mainiacjoe_overflow_alcove_4

Notes
Turn   | Place    | Note
-------+----------+-------------------------------------------
     0 | D:1      | esteth the Demonspawn Gladiator began the quest for the
                  | Orb.
     0 | D:1      | Reached XP level 1. HP: 16/16 MP: 1/1
     0 | D:1      | magus.rc [v1.11.3]
   234 | D:1      | Found a faded altar of an unknown god.
   323 | D:1      | Reached skill level 3 in Unarmed Combat
   354 | D:1      | Gained mutation: You regenerate magic rapidly. [demonic
                  | ancestry]
   354 | D:1      | Reached XP level 2. HP: 17/22 MP: 2/2
   895 | D:1      | Gained mutation: You have a pair of small horns on your
                  | head. [demonic ancestry]
   895 | D:1      | Reached XP level 3. HP: 27/28 MP: 3/3
  1105 | D:1      | You fall into a shaft and drop 1 floor!
  1390 | D:2      | You pick up a book of Debilitation and begin reading...
  1390 | D:2      | You add the spells Slow, Vampiric Draining and Confusing
                  | Touch to your library.
  1479 | D:2      | Reached skill level 1 in Spellcasting
  2015 | D:3      | Reached skill level 3 in Fighting
  2380 | D:3      | Gained mutation: You are partially covered in yellow
                  | scales. (AC +2) [demonic ancestry]
  2380 | D:3      | Reached XP level 4. HP: 35/35 MP: 6/6
  2878 | D:4      | Noticed a steam dragon
  2955 | D:4      | Noticed a necrophage
  2968 | D:4      | Killed a necrophage
  2969 | D:4      | Reached skill level 2 in Spellcasting
  2969 | D:4      | Reached XP level 5. HP: 26/42 MP: 6/8
  3184 | D:4      | HP: 6/42 [steam dragon/ball of steam (6)]
  3185 | D:4      | Slain by a gnoll

Vanquished Creatures
  A necrophage (D:4)
  4 adders (D:3)
  A worm (D:4)
  2 dart slugs
  An orc (D:3)
  3 endoplasms
  3 giant cockroaches
  10 goblins
  3 hobgoblins
  3 jackals (D:1)
  5 quokkas
  4 ball pythons
  6 bats
  2 frilled lizards
  4 kobolds
  6 rats
58 creatures vanquished.

Table legend:
 A = Non-vault XP
 B = Vault XP
 C = Vault XP percentage of total XP
 D = Non-vault monster count
 E = Vault monster count
 F = Vault count percentage of total count
                 A         B        C        D         E       F
            +---------+---------+-------+---------+---------+-------
      Total |     222 |       6 |   2.6 |      53 |       5 |   8.6
            +---------+---------+-------+---------+---------+-------
        D:1 |      43 |       6 |  12.2 |      24 |       5 |  17.2
        D:2 |      16 |       0 |   0.0 |       8 |       0 |   0.0
        D:3 |      75 |       0 |   0.0 |      18 |       0 |   0.0
        D:4 |      88 |       0 |   0.0 |       3 |       0 |   0.0
            +---------+---------+-------+---------+---------+-------

Illustrated notes

Table legend:
 A = Kills in this place as a percentage of kills in entire the game.
 B = Kills by you in this place as a percentage of kills by you in the entire game.
 C = Kills by friends in this place as a percentage of kills by friends in the entire game.
 D = Other kills in this place as a percentage of other kills in the entire game.
 E = Experience gained in this place as a percentage of experience gained in the entire game.
 F = Experience gained in this place divided by the number of levels of this place that you have seen.
                   A       B       C       D       E      F
               +-------+-------+-------+-------+-------+----------------------
         Total | 100.0 | 100.0 |   N/A |   N/A | 100.0 |  57.0
       Dungeon | 100.0 | 100.0 |   N/A |   N/A | 100.0 |  57.0
               +-------+-------+-------+-------+-------+----------------------

Table legend: (Time is in decaauts)
 A = Elapsed time spent in this place.
 B = Non-inter-level travel time spent in this place.
 C = Inter-level travel time spent in this place.
 D = Time resting spent in this place.
 E = Time spent auto-exploring this place.
 F = Levels seen in this place.
 G = Mean time per level.
                   A        B        C        D        E       F      G
               +--------+--------+--------+--------+--------+-----+--------+
         Total |   3176 |   3075 |    101 |      0 |   2613 |   4 |  794.0 |
       Dungeon |   3176 |   3075 |    101 |      0 |   2613 |   4 |  794.0 |
               +--------+--------+--------+--------+--------+-----+--------+

Top non-repeatable levels by time:
     D:1: 1096 daAuts
     D:3: 932 daAuts
     D:2: 881 daAuts
     D:4: 265 daAuts
